 Dungeon Crawl Stone Soup version 0.17-a0-1647-gb11a595 (webtiles) character file.

1961 Nakatomy the Covert (level 9, 0/39 HPs)
             Began as a Spriggan Enchanter on Aug 12, 2015.
             Was an Initiate of Dithmenos.
             Succumbed to a killer bee's poison
             ... while paralysed
             ... in the Ecumenical Temple.
             The game lasted 00:31:41 (7770 turns).

Nakatomy the Covert (Spriggan Enchanter)            Turns: 7770, Time: 00:31:41

Health: 0/39       AC:  4    Str:  0 (4)  XL:     9   Next: 0%
Magic:  6/20       EV:  4    Int: 17      God:    Dithmenos [......]
Gold:   227        SH:  0    Dex: 19      Spells: 3 memorised, 16 levels left

rFire  . . .     SeeInvis +     a - +1 dagger
rCold  . . .     Clarity  .     b - +1 robe
rNeg   + . .     SustAt   .     (shield restricted)
rPois  +         Gourm    .     (helmet restricted)
rElec  .         Spirit   .     l - +0 cloak
rCorr  .         Warding  .     (gloves unavailable)
rMut   .         Stasis   .     (boots unavailable)
MR     +....                    (no amulet)
Stlth  ++++++....               F - ring of Num Idghe {rPois rN+}
                                o - +5 ring of slaying

@: paralysed, lethally poisoned (0 -> -2), slowed, lost strength, very quick,
somewhat resistant to hostile enchantments, very stealthy
A: unfitting armour, see invisible, herbivore 3, speed 3, slow metabolism 2
a: Renounce Religion


You were in the Ecumenical Temple.
You worshipped Dithmenos.
Dithmenos was noncommittal.
You were not hungry.

You visited 2 branches of the dungeon, and saw 8 of its levels.

You collected 227 gold pieces.

Inventory:

Hand weapons
 a - a +1 dagger (weapon)
Armour
 b - a +1 robe (worn)
 l - a +0 cloak (worn)
Jewellery
 o - a +5 ring of slaying (left hand)
 v - an uncursed ring of fire
 F - the ring of Num Idghe (right hand) {rPois rN+}
   (You found it on level 7 of the Dungeon)

   [ring of positive energy]

   It protects you from poison.
   It protects you from negative energy.
Magical devices
 q - a wand of frost (32)
 u - a wand of frost (8)
 B - a wand of paralysis (21)
 H - a wand of confusion (20)
Scrolls
 e - 10 scrolls of identify {unknown}
 f - a scroll of amnesia {unknown}
 i - a scroll of enchant armour {unknown}
 j - 2 scrolls of random uselessness {unknown}
 k - 6 scrolls of recharging {unknown}
 p - a scroll of immolation {unknown}
 w - 4 scrolls of remove curse {unknown}
 y - 3 scrolls of teleportation {unknown}
 A - 2 scrolls of fear {unknown}
 D - a scroll of vulnerability {unknown}
Potions
 g - a potion of curing {unknown}
 h - 2 potions of ambrosia {unknown}
 m - 2 potions of mutation {unknown}
 r - a potion of might {unknown}
 s - a potion of berserk rage {unknown}
 t - 2 potions of brilliance {unknown}
 x - a potion of resistance {unknown}
 z - 2 potions of degeneration
 C - a potion of heal wounds {unknown}
 E - a potion of poison {unknown}
 G - a potion of haste {unknown}
 I - a potion of flight {unknown}
Books
 c - a book of Maledictions

   Spells                             Type                      Level
   a - Corona                         Hexes                        1
   b - Ensorcelled Hibernation        Hexes/Ice                    2
   c - Confuse                        Hexes                        3
   d - Tukima's Dance                 Hexes                        3
   e - Dazzling Spray                 Conjuration/Hexes            3
Comestibles
 d - 2 bread rations
 n - 2 royal jellies


   Skills:
 + Level 4.4 Short Blades
 - Level 3.0 Dodging
 + Level 11.9 Stealth
 - Level 7.2 Spellcasting
 + Level 8.0 Hexes


You had 16 spell levels left.
You knew the following spells:

 Your Spells              Type           Power        Failure   Level  Hunger
a - Corona                Hex            ####...      1%          1    None
b - Ensorcelled Hibernat  Hex/Ice        ###...       3%          2    None
c - Confuse               Hex            ####....     1%          3    ##.....


Dungeon Overview and Level Annotations

Branches:
Dungeon (7/15)             Temple (1/1) D:7

Altars:
Ashenzari
Dithmenos
Elyvilon
Fedhas
Kikubaaqudgha
Nemelex Xobeh
Okawaru
Qazlal
Ru
Sif Muna
Trog
Vehumet
Xom
Zin

Shops:
D:4 %

Annotations:
D:2 Robin


Innate Abilities, Weirdness & Mutations

You are tiny and cannot use many weapons and most armour.
You have supernaturally acute eyesight.
You are a herbivore.
You cover ground extremely quickly.
You need consume almost no food.


Message History

Aiming: Ensorcelled Hibernation
Press: ? - help, Shift-Dir - straight line, f - killer bee
Aim: a killer bee (chance to defeat MR: 58%)
The killer bee looks drowsy...
You are too injured to fight recklessly!
The helpless killer bee fails to defend itself.
You skewer the killer bee like a kebab!!!!
You kill the killer bee!
Dithmenos accepts your kill.
You have reached level 9!
Your experience leads to an increase in your attributes!
Increase (S)trength, (I)ntelligence, or (D)exterity?
You feel agile.
There is a lethal amount of poison in your body!
There is a lethal amount of poison in your body!
Drink which item? (? for menu, Esc to quit)
It was a potion of degeneration.
There was something very wrong with that liquid.
You feel weakened.
You have lost your strength.
You die...

#..._...#..._...#..._...#
#.......#.......#.......#
##.....###.....###.....##
###.### ###.### ###.### #.#
#.# #.#
#######.#######.#######.####
............................
............................
...........@...........⌠....
............................
............................
#######.#######.#######.####
#.# #.# #.# ###.### ###.###
###.###
##.....###.....###.....##
#.......#.......#.......#
#..._...#..._...#..._...#


There were no monsters in sight!

Vanquished Creatures
  Grinder (D:5)
  Sigmund (D:5)
  Eustachio (D:4)
  2 ice beasts
  A giant frog (D:6)
  A gnoll sergeant (D:4)
  3 killer bees
  A scorpion (D:4)
  A giant frog zombie (D:5)
  2 crimson imps (D:5)
  2 jellies
  A giant frog skeleton (D:4)
  2 orc priests (D:3)
  Ijyb (D:2)
  A gnoll shaman (D:4)
  2 centaur skeletons (D:4)
  A hound (D:4)
  2 orc wizards (D:3)
  7 worker ants
  A worker ant zombie (D:5)
  12 adders
  7 gnolls (D:4)
  A shadow imp (D:7)
  An ooze (D:1)
  2 worms
  2 adder skeletons
  4 giant geckos
  18 orcs
  A ball python (D:4)
  4 bats
  7 giant cockroaches
  11 goblins
  14 hobgoblins
  7 jackals
  8 kobolds
  2 quokkas
  8 giant newts
  A quokka skeleton (D:5)
  A quokka zombie (D:5)
  7 rats
  2 butterflies (D:4)
154 creatures vanquished.

Notes
Turn   | Place    | Note
--------------------------------------------------------------
     0 | D:1      | Nakatomy the Spriggan Enchanter began the quest for the Orb.
     0 | D:1      | Reached XP level 1. HP: 9/9 MP: 5/5
   190 | D:1      | Reached skill level 5 in Stealth
   256 | D:1      | Reached XP level 2. HP: 2/13 MP: 6/6
   642 | D:1      | Learned a level 2 spell: Ensorcelled Hibernation
   814 | D:1      | Reached skill level 6 in Stealth
  1074 | D:1      | Reached XP level 3. HP: 13/16 MP: 1/8
  1308 | D:2      | Found a shattered altar of Ashenzari.
  1325 | D:2      | Noticed Ijyb
  1423 | D:2      | Killed Ijyb
  1423 | D:2      | Reached skill level 7 in Stealth
  1423 | D:2      | Reached XP level 4. HP: 21/21 MP: 2/9
  1666 | D:2      | Reached skill level 8 in Stealth
  2201 | D:2      | Noticed Robin
  2682 | D:3      | Reached XP level 5. HP: 24/24 MP: 5/10
  2715 | D:3      | Reached skill level 9 in Stealth
  3112 | D:3      | Learned a level 3 spell: Confuse
  3420 | D:3      | Reached skill level 10 in Stealth
  3634 | D:3      | Reached XP level 6. HP: 28/28 MP: 11/11
  4359 | D:4      | Found a shimmering altar of Xom.
  4916 | D:4      | Reached skill level 5 in Hexes
  4955 | D:4      | Reached XP level 7. HP: 32/32 MP: 14/14
  5151 | D:4      | Noticed Eustachio
  5155 | D:4      | Killed Eustachio
  5155 | D:4      | Reached skill level 5 in Spellcasting
  5161 | D:4      | Found Bodub's Food Shoppe.
  5198 | D:4      | Found a white marble altar of Elyvilon.
  5997 | D:5      | Entered Level 5 of the Dungeon
  6034 | D:5      | Reached XP level 8. HP: 30/36 MP: 3/18
  6146 | D:5      | Noticed Sigmund
  6331 | D:5      | Found a stormy altar of Qazlal.
  6400 | D:5      | Killed Sigmund
  6400 | D:5      | Reached skill level 11 in Stealth
  6735 | D:5      | Noticed Grinder
  6741 | D:5      | Killed Grinder
  6905 | D:6      | Found a radiant altar of Vehumet.
  7262 | D:6      | Found a glowing silver altar of Zin.
  7363 | D:7      | Got a transparent bronze ring
  7367 | D:7      | Identified the ring of Num Idghe {rPois rN+} (You found it on level 7 of the Dungeon)
  7500 | D:7      | Found a staircase to the Ecumenical Temple.
  7507 | Temple   | Entered the Ecumenical Temple
  7635 | Temple   | Became a worshipper of Dithmenos the Shadowed
  7766 | Temple   | HP: 1/36 [poisoned by a killer bee]
  7768 | Temple   | Reached XP level 9. HP: 1/39 MP: 5/20
  7769 | Temple   | Lost strength.
  7770 | Temple   | Succumbed to a killer bee's poison

Vault maps used:
D:1:      dpeg_arrival_simpleton_c
D:2:      nicolae_ashenzari_panopticon, first_bread, uniq_iyjb, uniq_robin
D:4:      nicolae_overflow_crystal_walls, xom_butterflies, serial_shops,
          nicolae_shop_behind_doors, corner_web_ring, st_stairs_13,
          uniq_eustachio
D:5:      overflow_temple_1_default, uniq_sigmund, uniq_grinder
D:6:      lemuel_coloured_pillars_altar, kennysheep_mini
D:7:      lemuel_crystal_altar, minmay_temple_entry_hall
Temple:   chambers_temple_12

Action                   |  1- 3 |  4- 6 |  7- 9 || total
-------------------------+-------+-------+-------++-------
Melee: Dagger            |    95 |   141 |    96 ||   332
 Cast: Corona            |    13 |     2 |     5 ||    20
       Ensorcelled Hiber |    15 |    70 |    42 ||   127
       Confuse           |       |     2 |    13 ||    15
  Use: Potion            |       |       |     1 ||     1
 Stab: Sleeping          |    12 |    59 |    40 ||   111
       Distracted        |     1 |     1 |       ||     2
       Confused          |       |       |     7 ||     7
  Eat: Bread ration      |       |     2 |       ||     2
